Map: Arctic Dream LE

Players

qqq - Winner!

  • Race: Protoss Protoss
  • League: Platinum
  • Spawn Location: 11:00

Massa - Winner!

  • Race: Terran Terran
  • League: Gold
  • Spawn Location: 12:00

OXIGEN

  • Race: Zerg Zerg
  • League: Diamond
  • Spawn Location: 5:00

дядяСаня

  • Race: Zerg Zerg
  • League: Diamond
  • Spawn Location: 6:00

VOD

Have the link to the VOD?

Description

Time

  • Played on: Aug. 26, 2020, 9:05 a.m.
  • Length: 23:37
Show
View Real Time Build Order
Export as new Build Order

qqq Protoss - Winner!

Build Orders: Carriers 

Get SALT Encoding   

  12  0:02  Probe  
  13  0:19  Pylon  
  14  0:28  Probe  
  14  0:40  Probe  
  15  0:45  Forge  
  15  0:52  Probe, Pylon  
  16  1:04  Probe  
  17  1:17  Probe  
  18  1:25  Pylon  
  18  1:29  Probe  
  19  1:46  Probe, Nexus  
  20  1:58  Probe  
  20  2:00  Photon Cannon  
  21  2:11  Photon Cannon  
  21  2:30  Photon Cannon  
  21  2:34  Photon Cannon  
  21  2:36  Pylon  
  21  2:38  Probe  
  22  2:44  Gateway  
  22  2:50  Assimilator  
  21  2:53  Assimilator  
  21  2:55  Probe  
  22  3:07  Probe  
  22  3:08  Probe  
  24  3:20  Probe  
  25  3:33  Probe  
  26  3:41  Nexus  
  26  3:43  Pylon  
  26  3:45  Probe  
  27  3:55  Cybernetics Core  
  27  3:57  Probe (Chrono Boost)  
  27  4:01  Probe (Chrono Boost)  
  29  4:09  Probe (Chrono Boost)  
  30  4:14  Photon Cannon  
  30  4:15  Probe x2 (Chrono Boost)  
  32  4:22  Probe  
  32  4:23  Probe  
  34  4:34  Stargate  
  34  4:37  Photon Cannon  
  34  4:41  Pylon  
  34  4:44  Stargate  
  34  4:47  Probe  
  35  4:55  Probe  
  35  4:59  Probe  
  37  5:07  Probe  
  37  5:11  Probe, Protoss Air Weapons Level 1 (Chrono Boost)  
  39  5:19  Probe  
  40  5:22  Phoenix (Chrono Boost)  
  40  5:23  Probe  
  40  5:27  Phoenix (Chrono Boost)  
  43  5:31  Probe  
  43  5:33  Assimilator  
  46  5:35  Probe  
  46  5:37  Assimilator  
  46  5:38  Phoenix (Chrono Boost)  
  46  5:40  Shield Battery  
  49  5:43  Probe  
  49  5:44  Photon Cannon  
  49  5:48  Probe  
  51  5:53  Pylon  
  51  5:55  Probe  
  52  5:57  Phoenix  
  52  6:00  Probe  
  53  6:04  Phoenix  
  53  6:08  Probe  
  58  6:12  Probe  
  59  6:20  Probe, Phoenix  
  59  6:24  Probe  
  63  6:29  Phoenix  
  63  6:32  Probe  
  66  6:36  Probe  
  67  6:45  Phoenix  
  69  6:48  Probe  
  69  6:49  Assimilator  
  69  6:53  Assimilator  
  70  6:57  Photon Cannon  
  70  6:59  Photon Cannon  
  70  7:04  Photon Cannon, Phoenix  
  70  7:05  Pylon, Nexus  
  72  7:09  Phoenix, Pylon  
  72  7:12  Pylon  
  74  7:29  Photon Cannon, Phoenix  
  76  7:30  Photon Cannon  
  76  7:31  Protoss Air Armor Level 1  
  76  7:36  Pylon x2  
  76  7:43  Photon Cannon, Phoenix  
  78  7:54  Photon Cannon, Phoenix  
  80  8:03  Fleet Beacon  
  80  8:08  Phoenix  
  78  8:52  Anion Pulse-Crystals  
  78  8:55  Probe  
  79  9:07  Probe  
  80  9:12  Nexus  
  80  9:13  Carrier x2 (Chrono Boost)  
  92  9:19  Probe  
  92  9:21  Nexus  
  92  9:23  Pylon  
  93  9:26  Pylon  
  93  9:31  Probe, Pylon  
  93  9:33  Pylon  
  94  9:39  Stargate  
  94  9:40  Pylon  
  94  9:41  Stargate  
  94  9:44  Probe  
  95  9:48  Pylon  
  95  10:10  Carrier  
  95  10:12  Carrier  
  107  10:45  Carrier  
  107  10:46  Carrier  
  117  11:10  Photon Cannon  
  117  11:14  Carrier  
  117  11:16  Carrier  
  117  11:18  Photon Cannon  
  129  11:19  Photon Cannon  
  129  11:24  Photon Cannon  
  129  11:26  Probe  
  129  11:27  Probe, Photon Cannon  
  129  11:29  Photon Cannon  
  129  11:31  Probe, Photon Cannon  
  129  11:32  Shield Battery  
  126  11:34  Shield Battery  
  126  11:36  Photon Cannon  
  126  11:38  Probe  
  126  11:39  Photon Cannon  
  122  11:40  Probe  
  122  11:42  Pylon  
  122  11:43  Probe  
  122  11:45  Pylon  
  123  11:47  Mothership  
  123  11:50  Probe  
  123  11:52  Probe, Photon Cannon  
  123  11:53  Protoss Air Weapons Level 2 (Chrono Boost)  
  133  11:54  Photon Cannon  
  133  12:17  Carrier x2  
  145  12:32  Robotics Facility  
  145  12:33  Pylon  
  145  12:36  Pylon  
  145  12:47  Probe  
  145  12:48  Probe x2  
  148  13:00  Probe x3  
  151  13:12  Probe x3  
  154  13:24  Probe x3  
  145  13:33  Carrier x4 (Chrono Boost)  
  169  13:36  Probe x3  
  172  13:48  Probe x3  
  174  13:51  Observer  
  176  14:00  Probe x2  
  178  14:12  Observer, Probe  
  178  14:14  Assimilator  
  180  14:17  Pylon  
  180  14:18  Assimilator  
  180  14:19  Probe, Assimilator  
  180  14:23  Pylon, Assimilator  
  181  14:25  Probe  
  181  14:30  Pylon  
  182  14:31  Probe  
  182  14:33  Tempest (Chrono Boost), Carrier x2 (Chrono Boost)  
  200  14:44  Probe  
  200  15:08  Pylon  
  200  15:11  Pylon  
  199  15:15  Pylon  
  199  15:45  Pylon  
  199  15:47  Pylon  
  199  15:50  Pylon  
  199  15:52  Pylon  
  199  15:55  Pylon  
  199  15:56  Photon Cannon  
  185  15:58  Photon Cannon  
  185  16:00  Shield Battery  
  185  16:01  Shield Battery  
  185  16:03  Carrier x2  
  185  16:30  Photon Cannon  
  185  16:31  Photon Cannon  
  185  16:35  Photon Cannon  
  185  16:36  Photon Cannon  
  185  16:37  Photon Cannon  
  185  16:39  Photon Cannon  
  185  16:41  Photon Cannon  
  185  16:43  Photon Cannon, Carrier  
  185  16:45  Photon Cannon  
  185  16:46  Mothership (Chrono Boost)  
  197  16:47  Shield Battery  
  197  16:49  Shield Battery  
  197  16:52  Photon Cannon  
  199  16:55  Photon Cannon  
  199  16:56  Observer  
  200  17:12  Protoss Air Weapons Level 3  
  186  18:07  Carrier  
  186  18:08  Carrier  
  196  18:34  Unknown  
  152  19:48  Carrier x4  
  176  19:56  Photon Cannon  
  176  19:59  Photon Cannon  
  176  20:01  Photon Cannon  
  176  20:03  Photon Cannon  
  176  20:06  Assimilator  
  176  20:07  Protoss Air Armor Level 2  
  176  20:12  Pylon  
  176  20:14  Pylon  
  176  20:18  Pylon  
  176  20:20  Pylon  
  176  20:24  Nexus  
  176  20:35  Protoss Shields Level 1  
  176  20:37  Zealot  
  178  20:49  Photon Cannon  
  178  20:51  Photon Cannon  
  178  20:52  Carrier x2  
  178  20:53  Photon Cannon, Carrier  
  178  20:55  Photon Cannon  
  196  20:57  Photon Cannon, Shield Battery  
  196  20:59  Shield Battery  
  196  21:01  Shield Battery  
  196  21:03  Photon Cannon  
  196  21:04  Zealot  
  196  21:05  Photon Cannon  
  196  21:07  Pylon  
  196  21:09  Pylon  
  196  21:11  Pylon  
  198  21:16  Photon Cannon  
  198  21:18  Photon Cannon  
  198  21:20  Photon Cannon  
  198  21:25  Photon Cannon  
  198  21:26  Photon Cannon, Shield Battery  
  198  21:29  Pylon  
  198  21:31  Pylon, Zealot  
  200  21:51  Photon Cannon  
  200  21:52  Photon Cannon  
  200  21:55  Photon Cannon  
  200  21:57  Photon Cannon  
  198  22:24  Photon Cannon  
  198  22:26  Photon Cannon  
  198  22:28  Photon Cannon, Shield Battery  
  198  22:30  Shield Battery  
  198  22:32  Pylon  
  198  22:35  Pylon  
  198  22:38  Photon Cannon  
  198  22:40  Photon Cannon  
  198  22:43  Photon Cannon  
  198  22:46  Pylon  
  198  22:58  Zealot  
Show
View Real Time Build Order
Export as new Build Order

Massa Terran - Winner!

Build Orders:  

Get SALT Encoding   

  12  0:02  SCV  
  13  0:14  SCV  
  13  0:20  Supply Depot  
  14  0:26  SCV  
  15  0:32  Refinery  
  15  0:41  SCV  
  16  0:45  Barracks  
  16  0:56  SCV  
  17  1:08  SCV  
  18  1:20  Refinery, SCV  
  19  1:32  SCV  
  20  1:33  Supply Depot  
  20  1:34  Reaper  
  21  1:44  SCV  
  22  1:52  Factory  
  22  2:03  Orbital Command  
  22  2:06  Marine  
  23  2:26  Command Center  
  23  2:52  SCV  
  23  2:57  Factory Tech Lab  
  24  3:00  Barracks Tech Lab  
  24  3:04  SCV  
  24  3:18  Starport  
  24  3:20  Siege Tank  
  24  3:22  Infernal Pre-Igniter  
  27  3:29  Marauder  
  27  3:33  SCV  
  30  3:45  SCV  
  31  3:50  Barracks  
  31  3:51  Marauder  
  31  3:54  Orbital Command  
  33  3:57  SCV  
  34  4:09  SCV  
  35  4:22  SCV  
  36  4:28  Marauder  
  36  4:29  Stimpack  
  38  4:49  Barracks Reactor  
  38  4:57  Factory Reactor  
  38  5:03  Medivac  
  38  5:05  SCV  
  38  5:06  SCV  
  42  5:17  Command Center  
  42  5:18  SCV x2  
  44  5:24  Factory  
  44  5:30  SCV x2  
  44  5:35  Engineering Bay  
  46  5:37  Engineering Bay  
  46  5:45  Supply Depot  
  46  5:46  Supply Depot  
  46  5:48  Supply Depot  
  46  6:06  SCV x2, Marine x2, Medivac  
  46  6:07  Marauder  
  46  6:08  Hellion x2  
  46  6:09  Combat Shield  
  46  6:10  Refinery  
  58  6:12  Factory Reactor  
  58  6:18  Terran Infantry Armor Level 1, Terran Infantry Weapons Level 1, SCV x2  
  58  6:24  Marine x2  
  62  6:29  Hellion x2  
  66  6:40  Armory  
  66  6:42  Marine x2  
  68  6:51  Hellion x2  
  72  6:59  Marine  
  73  7:03  Marauder, Marine  
  73  7:07  Hellion x2  
  80  7:12  Hellion x2  
  84  7:17  Marine  
  84  7:18  Missile Turret  
  85  7:24  Armory  
  85  7:36  Supply Depot  
  85  7:37  Supply Depot  
  85  7:38  Missile Turret, Supply Depot  
  85  7:40  Supply Depot  
  85  7:42  Orbital Command  
  85  7:57  SCV x2, Hellion, Marauder, Marine x2  
  93  8:00  Missile Turret, Supply Depot  
  93  8:02  Supply Depot  
  93  8:04  Hellion  
  93  8:05  Hellion, Supply Depot  
  97  8:06  Supply Depot  
  97  8:09  SCV x2  
  99  8:15  Marine  
  99  8:19  Marauder  
  102  8:26  Supply Depot  
  102  8:27  Supply Depot  
  102  8:29  Supply Depot  
  102  8:40  Marauder  
  96  9:02  Marauder  
  88  9:08  Marine x2  
  88  9:12  Hellion x3  
  88  9:13  Hellion  
  88  9:16  Banshee  
  99  9:23  Marauder  
  101  9:26  Marine x2  
  101  9:29  Concussive Shells  
  103  9:31  Terran Infantry Armor Level 2, Terran Infantry Weapons Level 2  
  103  9:34  Hellion x4  
  111  9:39  Command Center  
  111  9:41  Refinery  
  111  9:44  Marauder, Marine  
  114  9:58  SCV x3  
  114  9:59  Banshee  
  120  10:06  Marauder  
  126  10:07  Widow Mine x4  
  126  10:10  SCV x2  
  126  10:13  Terran Vehicle And Ship Armor Level 1, Terran Vehicle Weapons Level 1  
  132  10:18  Missile Turret  
  132  10:27  Marauder  
  138  10:28  Widow Mine x2  
  138  10:29  Widow Mine  
  140  10:41  Missile Turret  
  140  10:42  Raven  
  142  10:47  Barracks  
  142  10:56  Factory  
  142  11:04  Missile Turret  
  142  11:06  Widow Mine x2  
  142  11:07  Widow Mine x2  
  150  11:27  Missile Turret  
  148  11:58  Marauder  
  148  12:00  Barracks Tech Lab  
  148  12:01  Marine x2  
  152  12:14  Medivac  
  150  12:19  Marine  
  150  12:20  Marauder  
  153  12:41  Marauder  
  153  12:44  Medivac  
  145  13:02  Marauder  
  101  13:13  Medivac  
  101  13:18  Marauder  
  90  13:20  Marine x2  
  90  13:24  SCV x4, Marauder  
  74  13:36  SCV x3  
  74  13:37  Factory Tech Lab, Marine  
  74  13:38  Marine  
  74  13:39  Widow Mine x2  
  74  13:40  Widow Mine x2, Marauder  
  89  13:43  Medivac  
  89  13:45  Marauder  
  91  13:50  Planetary Fortress  
  91  13:55  Marine  
  91  13:56  Marine  
  91  14:01  Widow Mine x4, Marauder  
  103  14:04  Refinery  
  103  14:06  Marauder  
  103  14:07  Refinery  
  105  14:10  Command Center  
  105  14:13  Marine, Medivac  
  105  14:14  Marine  
  105  14:16  Refinery  
  109  14:18  Refinery  
  109  14:22  Hellion x3  
  109  14:23  Hellion, Marauder  
  119  14:28  Marauder  
  121  14:32  Marine x2  
  123  14:44  Hellion x4, Marauder  
  133  14:46  Factory  
  133  14:48  Barracks  
  133  14:49  Marauder  
  133  14:50  Barracks, Marine x2  
  137  14:54  Factory  
  137  15:05  Marauder  
  139  15:07  Marine, Thor  
  139  15:09  Hellion x3  
  139  15:10  Hellion  
  139  15:11  Marauder  
  156  15:21  SCV x4  
  157  15:24  Planetary Fortress  
  157  15:27  Marauder  
  158  15:31  Hellion  
  158  15:32  Marauder  
  150  15:48  Marauder  
  137  15:50  Thor  
  137  15:53  Marauder  
  140  16:03  Barracks Tech Lab  
  140  16:04  Barracks Tech Lab  
  134  16:05  Marine x2  
  134  16:08  Factory Tech Lab x2  
  134  16:09  Marauder  
  134  16:10  Hellion x2  
  134  16:11  Hellion x2  
  137  16:15  Marauder  
  119  16:23  Marine x2  
  113  16:31  Marauder  
  113  16:32  Hellion x3  
  121  16:33  Thor  
  121  16:36  Marauder  
  129  16:41  Marine x2  
  131  16:48  Thor x2  
  131  16:49  Hellion  
  131  16:52  Marauder  
  131  16:53  Hellion x3  
  153  16:58  Marauder  
  153  16:59  Marine x2  
  119  17:10  Hellion  
  119  17:14  Marauder x3  
  119  17:16  Marine  
  119  17:17  Marine  
  119  17:19  Marauder  
  123  17:28  Refinery  
  123  17:31  Refinery  
  123  17:34  Marine x2  
  123  17:35  Marauder x3  
  131  17:40  Marauder  
  133  17:52  Marine  
  133  17:56  Marauder x3  
  135  18:09  Marauder, Marine  
  135  18:10  Marine  
  139  18:18  Marauder x3  
  143  18:27  Marine  
  143  18:30  Marauder  
  140  18:39  Marauder x2  
  118  18:43  Terran Infantry Weapons Level 3  
  118  18:45  Terran Infantry Armor Level 3  
  106  18:49  Marauder  
  106  18:50  Marine x2  
  106  18:51  Marauder  
  106  18:54  Hellion x2  
  106  18:55  Hellion x5  
  112  19:00  Marauder  
  112  19:01  Marauder  
  116  19:08  Terran Vehicle Weapons Level 2, Marine x2  
  118  19:10  Marauder  
  118  19:13  Marauder  
  118  19:14  Command Center  
  118  19:15  Hellion  
  118  19:16  Hellion x6  
  136  19:22  Marauder x2  
  136  19:24  Medivac  
  142  19:32  Marauder  
  142  19:34  Marauder  
  142  19:37  Hellion x6  
  158  19:43  Marauder x2  
  162  19:53  Marauder  
  162  19:54  Medivac  
  162  19:56  Marauder  
  158  20:33  Thor x3  
  176  20:36  Hellion x4  
  184  20:57  Hellion x3  
  184  20:58  Hellion  
  122  21:35  Marauder x3  
  122  21:36  Marauder, Marine x2  
  122  21:38  Thor x2  
  150  21:40  Hellion x2  
  150  21:41  Hellion x2  
  158  21:54  Marine x2  
  158  21:56  Marauder  
  158  21:57  Marauder x3  
  162  22:02  Hellion x3  
  150  22:12  Marine  
  143  22:18  Marauder  
  78  22:32  Planetary Fortress  
  78  22:36  SCV  
  78  22:37  SCV x3  
  81  23:03  Medivac  
  83  23:06  Marauder x3, Marine x2  
  83  23:07  Marine  
  83  23:11  Widow Mine x2  
  83  23:12  Widow Mine x3  
Show
View Real Time Build Order
Export as new Build Order

OXIGEN Zerg 

Build Orders: Hatch First, Lurkers 

Get SALT Encoding   

  12  0:00  Drone  
  13  0:14  Overlord  
  13  0:20  Drone  
  14  0:33  Drone x2  
  16  0:50  Hatchery  
  16  0:53  Drone  
  16  0:56  Drone  
  17  0:59  Drone  
  18  1:11  Extractor  
  17  1:15  Spawning Pool  
  17  1:18  Drone  
  17  1:20  Drone  
  18  1:29  Drone  
  19  1:41  Drone  
  20  1:54  Overlord  
  20  2:03  Zergling x4  
  20  2:04  Queen  
  20  2:05  Queen  
  26  2:12  Drone  
  26  2:13  Drone  
  28  2:24  Drone  
  28  2:25  Drone  
  28  2:29  Metabolic Boost  
  30  2:48  Hatchery  
  29  2:55  Drone  
  29  2:56  Drone x2, Overlord  
  29  2:57  Overlord  
  32  3:01  Drone  
  32  3:13  Drone x2, Overlord  
  32  3:15  Drone  
  32  3:16  Drone x2  
  32  3:18  Drone  
  38  3:21  Drone  
  39  3:35  Zergling x8  
  43  3:45  Drone x2  
  45  3:50  Extractor  
  45  3:53  Baneling Nest  
  45  3:54  Drone x2  
  45  3:57  Pneumatized Carapace  
  45  3:58  Queen  
  45  4:02  Drone x2  
  49  4:03  Drone x5  
  49  4:09  Drone  
  55  4:17  Drone x2  
  55  4:21  Queen  
  55  4:31  Drone x2  
  55  4:32  Drone x7  
  64  4:39  Extractor  
  64  4:40  Drone x2  
  64  4:43  Evolution Chamber x2  
  63  4:55  Drone x3  
  63  4:56  Overlord  
  63  4:57  Overlord  
  66  5:02  Lair  
  66  5:07  Overlord  
  66  5:18  Drone x7  
  66  5:20  Zerg Ground Armor Level 1  
  73  5:31  Zerg Missile Weapons Level 1  
  73  5:32  Drone, Roach Warren  
  73  5:33  Drone x7  
  80  5:38  Extractor  
  80  5:41  Extractor  
  78  5:44  Drone  
  78  5:49  Hatchery  
  78  6:03  Drone x3  
  78  6:04  Drone x9  
  86  6:09  Hatchery  
  89  6:12  Overlord x2  
  89  6:15  Glial Reconstitution  
  89  6:21  Spire  
  89  6:26  Infestation Pit  
  89  6:27  Drone x2  
  89  6:28  Overlord x2  
  90  6:38  Extractor  
  89  6:45  Zergling x2  
  89  6:46  Zergling x18  
  99  6:50  Hatchery  
  99  6:53  Overseer  
  98  6:58  Extractor  
  97  7:14  Drone x4, Hydralisk Den  
  97  7:15  Drone x2  
  111  7:16  Hive  
  102  7:24  Zerg Ground Armor Level 2  
  102  7:27  Zerg Missile Weapons Level 2  
  102  7:30  Drone x2  
  102  7:31  Drone x2  
  106  7:52  Hydralisk x5  
  106  7:53  Hydralisk x7  
  106  7:54  Hydralisk x2  
  106  7:55  Overlord x4  
  106  7:56  Overlord x2  
  134  8:01  Lurker Den  
  134  8:02  Hydralisk  
  134  8:03  Extractor  
  134  8:07  Hatchery, Hydralisk x3  
  134  8:12  Overlord x2  
  128  8:23  Hydralisk x7  
  142  8:46  Drone x5  
  142  8:47  Drone x7  
  132  8:57  Drone  
  132  8:58  Drone x5  
  132  8:59  Drone x4  
  132  9:00  Seismic Spines  
  142  9:15  Muscular Augments  
  143  9:17  Lurker x5  
  147  9:32  Overlord x2  
  147  9:33  Overlord  
  147  9:34  Hydralisk x6  
  147  9:35  Hydralisk x2  
  163  9:41  Hatchery  
  162  9:50  Extractor  
  162  9:51  Extractor  
  160  9:56  Spore Crawler x2  
  160  9:57  Adaptive Talons, Spore Crawler  
  160  9:59  Spore Crawler  
  156  10:00  Spore Crawler  
  156  10:01  Spore Crawler  
  156  10:03  Spore Crawler  
  156  10:04  Spore Crawler  
  152  10:08  Infestor x3  
  158  10:17  Pathogen Glands  
  158  10:25  Hydralisk x6  
  158  10:26  Grooved Spines  
  170  10:34  Hydralisk  
  170  10:35  Hydralisk x3  
  174  10:57  Hydralisk  
  174  10:58  Hydralisk x8  
  174  10:59  Hydralisk  
  194  11:07  Burrow  
  194  11:34  Hydralisk x3  
  200  11:48  Overseer x4  
  200  11:54  Zerg Missile Weapons Level 3  
  200  11:55  Zerg Ground Armor Level 3  
  200  12:08  Overlord  
  200  12:09  Overlord x2  
  192  12:47  Hydralisk x4  
  180  13:03  Hydralisk  
  180  13:04  Hydralisk x9  
  180  13:05  Hydralisk x3  
  182  13:12  Hydralisk x5  
  153  13:13  Hydralisk x9  
  153  13:14  Hydralisk x4  
  175  13:21  Hydralisk x3  
  175  13:22  Hydralisk x5  
  191  13:27  Overlord x3  
  191  13:28  Overseer x2  
  191  13:33  Overlord x4  
  191  13:46  Infestor x4  
  199  13:52  Neural Parasite  
  199  13:58  Infestor x4, Lurker x2  
  199  13:59  Lurker  
  181  15:16  Hatchery, Hydralisk x5  
  181  15:17  Hydralisk x7  
  181  15:18  Hydralisk  
  170  15:37  Hydralisk  
  170  15:38  Hydralisk x18  
  172  16:03  Hydralisk x5  
  172  16:04  Hydralisk x7  
  162  16:11  Hydralisk x10  
  170  16:12  Hydralisk x3  
  196  16:22  Infestor x3  
  196  16:29  Hydralisk x2  
  200  16:35  Lurker x2  
  200  16:36  Lurker  
  200  16:39  Lurker  
  171  17:12  Hydralisk x30  
  167  17:16  Overseer x2  
  167  17:17  Overseer x2  
  167  17:21  Extractor  
  167  17:22  Extractor  
  165  17:24  Overlord x2  
  159  17:46  Hydralisk x6  
  159  17:47  Hydralisk x9  
  159  17:48  Hydralisk x5  
  189  18:16  Overseer  
  189  18:18  Infestor x5  
  196  18:38  Hatchery  
  196  18:39  Hydralisk x5  
  196  18:40  Hydralisk x9  
  196  18:41  Hydralisk x2  
  171  19:11  Hydralisk x5  
  171  19:12  Hydralisk x7  
  181  19:43  Infestor x2  
  181  19:44  Infestor x2  
  176  20:11  Lurker  
  176  20:12  Lurker x2  
  177  20:32  Drone x3  
  180  20:47  Hatchery  
  180  20:49  Hydralisk  
  179  20:50  Hydralisk x8  
  179  20:57  Extractor  
  196  20:58  Extractor  
  196  20:59  Hatchery  
  163  21:11  Hydralisk x3  
  163  21:12  Hydralisk x2  
  136  21:20  Hydralisk  
  136  21:21  Hydralisk  
  136  21:24  Zergling x2  
  136  21:25  Zergling x54  
  137  21:58  Baneling x9  
  137  21:59  Baneling x4  
  108  22:31  Drone x7  
  115  22:43  Hatchery  
  114  22:50  Hatchery  
Show
View Real Time Build Order
Export as new Build Order

дядяСаня Zerg 

Build Orders: Hatch First 

Get SALT Encoding   

  12  0:02  Drone  
  13  0:12  Overlord  
  13  0:21  Drone  
  14  0:32  Drone x2  
  16  0:37  Drone  
  17  0:52  Hatchery  
  16  0:58  Drone  
  16  0:59  Drone  
  18  1:15  Extractor  
  18  1:17  Drone, Spawning Pool  
  17  1:19  Drone  
  18  1:28  Drone  
  19  1:42  Overlord  
  19  1:54  Drone  
  20  2:02  Drone  
  20  2:04  Drone  
  20  2:05  Queen  
  26  2:13  Spine Crawler  
  25  2:16  Spine Crawler  
  24  2:40  Spore Crawler  
  24  2:48  Hatchery  
  23  3:02  Drone  
  23  3:03  Drone x5  
  23  3:04  Queen  
  31  3:09  Extractor  
  30  3:22  Spore Crawler  
  30  3:23  Drone  
  30  3:25  Overlord  
  30  3:26  Overlord  
  30  3:38  Roach Warren  
  29  3:44  Drone x2  
  29  3:45  Hatchery  
  30  3:53  Queen  
  32  4:05  Drone  
  32  4:06  Drone x4  
  37  4:21  Drone x3  
  40  4:27  Roach  
  40  4:28  Roach x2  
  40  4:30  Roach  
  48  4:36  Drone  
  49  4:38  Spore Crawler  
  49  4:43  Lair  
  48  4:52  Ravager x2  
  50  4:53  Ravager  
  50  4:54  Ravager  
  50  4:57  Roach  
  50  4:58  Roach x2  
  58  5:00  Overlord  
  58  5:02  Overlord  
  58  5:32  Roach x6  
  70  5:41  Queen  
  72  5:43  Hatchery, Drone  
  72  5:44  Drone x2  
  72  5:46  Overlord  
  74  5:57  Glial Reconstitution  
  74  6:10  Evolution Chamber  
  73  6:13  Evolution Chamber  
  73  6:18  Drone  
  73  6:19  Drone x9  
  73  6:23  Spine Crawler  
  73  6:25  Spine Crawler  
  80  6:27  Spore Crawler  
  79  6:35  Overlord x2  
  79  6:44  Zerg Missile Weapons Level 1  
  79  6:45  Zerg Ground Armor Level 1  
  79  6:55  Queen  
  79  6:59  Overlord  
  79  7:00  Overlord x2  
  81  7:16  Roach  
  81  7:17  Roach x6  
  95  7:31  Hydralisk Den  
  95  7:34  Pneumatized Carapace  
  95  7:35  Drone  
  95  7:36  Drone x11  
  106  7:37  Drone  
  107  7:45  Drone  
  107  7:46  Drone x4  
  112  7:52  Extractor x2  
  112  7:56  Ravager x2  
  112  7:57  Ravager  
  113  8:04  Drone  
  113  8:05  Drone x6  
  120  8:07  Grooved Spines  
  120  8:10  Overlord  
  120  8:11  Overlord x3  
  120  8:18  Overlord x2  
  120  8:19  Overlord  
  120  8:26  Spore Crawler  
  115  8:27  Extractor  
  115  8:30  Extractor  
  112  8:46  Spore Crawler  
  111  8:49  Spore Crawler  
  110  9:08  Drone x3  
  110  9:09  Drone x2  
  116  9:10  Drone x2  
  117  9:18  Drone x3  
  117  9:19  Drone x2  
  117  9:20  Drone  
  117  9:21  Zerg Missile Weapons Level 2  
  117  9:22  Zerg Ground Armor Level 2  
  117  9:23  Hydralisk  
  125  9:30  Drone  
  125  9:31  Drone x2  
  128  9:33  Overlord x6  
  128  9:34  Overlord x3  
  128  9:35  Extractor  
  127  9:38  Extractor  
  127  9:42  Infestation Pit  
  125  9:46  Spore Crawler  
  124  9:57  Spore Crawler  
  121  10:12  Queen  
  123  10:19  Drone x3  
  123  10:20  Drone x2  
  123  10:21  Drone  
  129  10:22  Hydralisk x4  
  129  10:23  Hydralisk x9  
  129  10:25  Spore Crawler  
  151  10:43  Hive  
  151  10:59  Muscular Augments  
  151  11:03  Lurker Den  
  150  11:17  Overlord x2  
  150  11:18  Overlord x10  
  150  11:35  Queen  
  152  11:44  Spire  
  148  12:11  Queen  
  150  12:22  Seismic Spines  
  150  12:23  Hydralisk  
  150  12:24  Hydralisk x23  
  150  12:25  Hydralisk  
  190  13:19  Adaptive Talons  
  167  13:43  Hydralisk x3  
  167  13:44  Hydralisk x13  
  199  14:10  Zerg Missile Weapons Level 3, Zerg Ground Armor Level 3  
  199  14:12  Zerg Flyer Weapons Level 1  
  199  14:34  Hatchery  
  197  14:57  Lurker x3  
  194  15:08  Lurker  
  194  15:09  Lurker x4  
  193  15:41  Hatchery  
  141  16:15  Hydralisk  
  141  16:16  Hydralisk x28  
  141  16:17  Hydralisk x9  
  190  16:34  Lurker x4  
  190  16:35  Lurker x3  
  175  17:31  Hydralisk x12  
  112  18:40  Corruptor x13  
  112  18:41  Corruptor x7  
  118  18:58  Queen  
  95  19:44  Hydralisk x12  
  95  19:45  Hydralisk x10  
  127  20:25  Spire  
  122  22:06  Hydralisk x4  
  108  22:28  Lurker  
  108  22:29  Lurker x7  
  94  22:35  Corruptor x8  
  94  22:36  Corruptor x10  
  112  22:41  Corruptor  
  114  22:44  Corruptor x3  
  114  22:45  Corruptor  
  114  22:50  Corruptor  
  124  22:57  Corruptor  
Tags
 
Add a new tag
Caveats
  • Supply blocks, unpowered buildings, or Contaminate may cause inaccurate times.
  • Supply counts are checked every 10 seconds.